 Dungeon Crawl Stone Soup version 0.17-a0-2208-ge5ab1d3 (webtiles) character file.

174 fredomojojo the Skirmisher (level 5, 0/57 HPs)
             Began as an Ogre Fighter on Oct 26, 2015.
             Slain by an orc priest
             ... wielding a +0 flail
              (3 damage)
             ... on level 3 of the Dungeon on Oct 27, 2015.
             The game lasted 00:57:21 (2555 turns).

fredomojojo the Skirmisher (Ogre Fighter)           Turns: 2555, Time: 00:57:21

Health: 0/57       AC:  3    Str: 21    XL:     5   Next: 54%
Magic:  5/5        EV: 10    Int:  7    God:
Gold:   134        SH:  8    Dex: 10    Spells: 0 memorised, 4 levels left

rFire  . . .     SeeInvis .     v - +2 spear (pain)
rCold  . . .     Clarity  .     b - +0 robe
rNeg   . . .     SustAt   .     c - +0 shield
rPois  .         Gourm    .     (helmet restricted)
rElec  .         Spirit   .     (no cloak)
rCorr  .         Warding  .     (gloves unavailable)
rMut   .         Rnd*Tele +     (boots unavailable)
MR     .....                    (no amulet)
Stlth  +.........               s - +2 ring of evasion
                                i - ring of teleportation (curse)

@: lethally poisoned (0 -> -1), not resistant to hostile enchantments, very
unstealthy
A: unfitting armour, tough skin 1
a: Evoke Teleportation


You were on level 3 of the Dungeon.
You were not hungry.

You visited 1 branch of the dungeon, and saw 3 of its levels.

You collected 134 gold pieces.

Inventory:

Hand Weapons
 a - a +0 flail
 f - a +0 short sword
 k - a +0 whip
 v - a +2 spear of pain (weapon)
Missiles
 h - 35 arrows
 p - 46 sling bullets
 q - 73 stones
 y - 2 large rocks (quivered)
Armour
 b - a +0 robe (worn)
 c - a +0 shield (worn)
 t - a +0 leather armour
 w - a +0 pair of gloves
Jewellery
 i - a cursed ring of teleportation (left hand)
 s - a +2 ring of evasion (right hand)
Wands
 G - a wand of hasting (1)
Scrolls
 l - 2 scrolls of remove curse {unknown}
 n - a scroll of identify
 r - a scroll of magic mapping {unknown}
 x - a scroll of recharging {unknown}
 E - a scroll of fog {unknown}
Potions
 d - a potion of might
 g - a potion of curing
 j - 2 potions of haste
 m - a potion of lignification
 o - a potion of invisibility
 u - a potion of cure mutation {unknown}
 A - a potion of agility
 B - a potion of poison {unknown}
 F - 3 potions of flight {unknown}
Comestibles
 e - 2 bread rations
 z - 2 meat rations
 C - a chunk of flesh
 D - a royal jelly


   Skills:
 + Level 5.0 Fighting
 * Level 4.6 Maces & Flails
 + Level 0.4 Polearms
 + Level 0.8 Throwing
 + Level 0.2 Armour
 + Level 3.5 Dodging
 + Level 3.3 Shields


You had 4 spell levels left.
You didn't know any spells.

Dungeon Overview and Level Annotations

Branches:
Dungeon (3/15)

Altars:


Innate Abilities, Weirdness & Mutations

You are too large for most types of armour.
You have tough skin (AC +1).


Message History

You feel sick.
You feel sick.
You see here a poisoned needle.
You feel sick.
You now have 134 gold pieces (gained 10).
You feel sick.
Found a bread ration.
An orc and 2 orc priests come into view.
You feel sick.
The orc priest shouts!
An orc wizard comes into view. It is wielding a dagger.
The orc wizard shouts!
The orc priest shouts!
The orc wizard gestures wildly while chanting.
The orc wizard seems to speed up.
The orc priest miscasts a cantrip.
A ball python comes into view.
The orc wizard casts a spell.
The orc wizard blinks!
The orc priest hits you with a flail.
You die...

###### ##.....#. ##
####........ #####.
.......o...
##.....########.....o...
#..####.........@o..ยง...
#..#....#######......oS.
)........................
#.(......................
...(#....#######........
###.((....# ##.....#.
......(...# #...##
###.......#### #...## .#
#. ##.......#.#####....##
#.# #.


You could see 2 orc priests, an orc wizard, an orc and a ball python.

Vanquished Creatures
  An orc wizard (D:3)
  4 adders
  3 gnolls (D:2)
  An ooze (D:3)
  2 worms
  3 giant geckos
  8 orcs
  2 ball pythons (D:2)
  2 giant cockroaches
  5 goblins
  10 hobgoblins
  7 kobolds
  9 bats
  3 giant newts
  5 rats
65 creatures vanquished.

Notes
Turn   | Place    | Note
--------------------------------------------------------------
     0 | D:1      | fredomojojo the Ogre Fighter began the quest for the Orb.
     0 | D:1      | Reached XP level 1. HP: 24/24 MP: 1/1
   228 | D:1      | Reached XP level 2. HP: 32/32 MP: 2/2
   808 | D:2      | Found a faded altar to an unknown god.
   922 | D:2      | Reached XP level 3. HP: 38/40 MP: 3/3
  1119 | D:2      | Reached XP level 4. HP: 31/49 MP: 4/4
  2148 | D:3      | Reached XP level 5. HP: 34/55 MP: 5/5
  2514 | D:3      | Reached skill level 5 in Fighting
  2555 | D:3      | Slain by an orc priest

Vault maps used:
D:1:      evilmike_arrival_rings
D:2:      ecumenical_altar_1, first_bread
D:3:      corexii_shack, uniq_iyjb

Action                   |  1- 3 |  4- 6 || total
-------------------------+-------+-------++-------
Melee: Flail             |    79 |    60 ||   139
       Spear             |       |   123 ||   123
Throw: Large rock        |    10 |     4 ||    14
       Stone             |     8 |    11 ||    19
 Abil: Evoke Teleportati |     1 |       ||     1
Evoke: Wand              |       |     1 ||     1
  Use: Scroll            |       |     3 ||     3
       Potion            |       |     1 ||     1
  Eat: Chunk             |     1 |     5 ||     6
